 Dungeon Crawl Stone Soup version 0.29.1-1-gd02db6906a (webtiles) character file.

Game seed: 7866440751544503517

54 Ashen the Chiller (level 3, 18/26 HPs)
             Began as a Demonspawn Ice Elementalist on Sept 16, 2022.
             Got out of the dungeon alive.
             The game lasted 00:02:21 (1803 turns).

Ashen the Chiller (Demonspawn Ice Elementalist)     Turns: 1803, Time: 00:02:22

Health: 18/26      AC:  6    Str:  8    XL:     3   Next: 66%
Magic:  6/6        EV: 13    Int: 18    God:
Gold:   67         SH:  0    Dex: 19    Spells: 5/6 levels left

rFire   + . .      SeeInvis .   (no weapon)
rCold   . . .      Faith    .   (no shield)
rNeg    . . .      Spirit   .   a - +0 robe
rPois   .          Reflect  .   k - +2 helmet
rElec   .          Harm     .   (no cloak)
rCorr   .          Rampage  .   (no gloves)
Will    .....                   (no boots)
Stlth   ++........              (no amulet)
HPRegen 0.08/turn               l - +6 ring of dexterity
MPRegen 0.10/turn               o - ring of protection from fire

@: no status effects
A: ignite blood 1, sharp scales 1
a: no special abilities


You escaped.
You visited 1 branch of the dungeon, and saw 2 of its levels.

You collected 67 gold pieces.

Inventory:

Armour
 a - a +0 robe (worn)
 k - a +2 helmet (worn)
Jewellery
 l - a +6 ring of dexterity (left hand)
 o - a ring of protection from fire (right hand)
Scrolls
 d - 4 scrolls of identify {unknown}
 e - 2 scrolls of enchant armour {unknown}
 f - a scroll of poison {unknown}
 h - 2 scrolls of blinking {unknown}
 i - a scroll of torment {unknown}
Potions
 b - a potion of magic
 c - a potion of cancellation {unknown}
 g - a potion of flight {unknown}
 j - a potion of might {unknown}
 m - a potion of heal wounds {unknown}
 n - a potion of ambrosia {unknown}


   Skills:
 + Level 1.3 Fighting
 + Level 2.2 Dodging
 + Level 2.3 Stealth
 + Level 2.4 Spellcasting
 + Level 3.9 Ice Magic


You had 5 spell levels left.
You knew the following spells:

 Your Spells              Type           Power      Damage    Failure   Level
a - Freeze                Ice            64%        1d8       3%          1

Your spell library contained the following spells:

 Spells                   Type           Power      Damage    Failure   Level
 Frozen Ramparts          Ice            32%        1d5       11%         3
 Ozocubu's Armour         Ice            16%        N/A       11%         3
 Hailstorm                Conj/Ice       9%         3d4       61%         4


Dungeon Overview and Level Annotations

Branches:
Dungeon (2/15)

Altars:


Innate Abilities, Weirdness & Mutations

Your demonic aura sometimes causes spilled blood to erupt in flames.
You are partially covered in razor-sharp scales. (AC +1, Slay +1)


Message History

You hit the ball python.
The ball python is moderately wounded.
The ball python barely misses you. The ball python closely misses you.
You barely miss the ball python.
The ball python is moderately wounded.
The ball python bites you but does no damage.
The ball python grabs you. The ball python constricts you.
The ball python barely misses you. The ball python constricts you.
You barely miss the ball python. The ball python bites you.
The ball python constricts you.
You closely miss the ball python. The ball python misses you.
The ball python constricts you.
You completely miss the ball python. The ball python bites you.
The ball python constricts you.
You hit the ball python.
The ball python is moderately wounded.
The ball python misses you. The ball python constricts you.
You hit the ball python.
You kill the ball python!
You see here a ball python corpse.
o - a ring of protection from fire
h - 2 scrolls labelled FUYDUE TUPYS (gained 1)
o - a ring of protection from fire (right hand)
(D) Dungeon
Where to? (Enter - D:1 @ (x,y), ? - help)
What level of the Dungeon? (default 1, ? - help)
You are too injured to fight recklessly!
(D) Dungeon
Where to? (Enter - D:1, ? - help)
Found a hand axe.
There is a stone staircase leading up here.
You climb upwards.
There is a stone staircase leading down here.
Magic restored.
There is a large open door here.
There is a large open door here.
There is a large open door here.
There is a staircase leading out of the dungeon here.
Are you sure you want to leave the Dungeon?
This will make you lose the game!
You have escaped!

#.......# #''#.#..#
##....># ###.#####
#..##.#.## ##.....
#.# ###''#####.#
##.### #.#
#...§§.##.## #.# #
#.#
#.≈≈≈≈.##.#######.###
# #.#
#.≈§≈≈.##.##.........
#######.#
#......##.##.###...##
........#
###''###.###.##.....#
######### #.@# #.#
#.###...## ####
#.###.# ##....
#.....# #.### #######
#.# # #.# #.# ## #.#
.# #####.## .#
#...÷..#


There were no monsters in sight!

Vanquished Creatures
  Natasha (D:2)
  A dart slug (D:2)
  A bat (D:1)
  2 endoplasms (D:1)
  A giant cockroach (D:1)
  3 hobgoblins
  3 jackals (D:1)
  2 kobolds (D:1)
  2 quokkas (D:1)
  4 ball pythons
  3 frilled lizards (D:1)
  6 rats
29 creatures vanquished.

Notes
Turn   | Place    | Note
-------+----------+-------------------------------------------
     0 | D:1      | Ashen the Demonspawn Ice Elementalist began the quest for
                  | the Orb.
     0 | D:1      | Reached XP level 1. HP: 13/13 MP: 3/3
   324 | D:1      | Found a faded altar of an unknown god.
   332 | D:1      | Gained mutation: Your demonic aura sometimes causes spilled
                  | blood to erupt in flames. [demonic ancestry]
   332 | D:1      | Reached XP level 2. HP: 17/20 MP: 0/5
  1616 | D:2      | Reached skill level 1 in Fighting
  1693 | D:2      | Noticed Natasha
  1706 | D:2      | Noticed a crimson imp
  1708 | D:2      | Killed Natasha
  1709 | D:2      | Gained mutation: You are partially covered in razor-sharp
                  | scales. (AC +1, Slay +1) [demonic ancestry]
  1709 | D:2      | Reached XP level 3. HP: 15/26 MP: 1/6
  1803 | D:$      | Got out of the dungeon alive.

Illustrated notes

Levels and vault maps discovered:
D:1:      lightli_arrival_lavapool, layout_loops_corners,
          chequers_ecumenical_altar_island, minmay_hexomino_p4
D:2:      layout_basic, uniq_natasha

Skill      XL: |  1  2 |
---------------+-------+-----
Stealth        | 2 |  2.3
Dodging        | 2 |  2.2
Fighting       | 1 |  1.3
Spellcasting   | |  2.4
Ice Magic      | |  3.9

Action                   || total
-------------------------++-------
Melee: Unarmed           ||    47
       Punch             ||     1
 Cast: Freeze            ||    39
 Stab: Sleeping          ||     2
Armor: Robe              ||    10
Dodge: Dodged            ||    55
